 Dungeon Crawl Stone Soup version 0.23-a0-386-g9c9d49f (webtiles) character file.

19 iamserjio the Conjurer (level 2, 1/19 HPs)
             Began as a Mummy Conjurer on Oct 28, 2018.
             Quit the game on level 1 of the Dungeon.
             The game lasted 00:02:17 (949 turns).

iamserjio the Conjurer (Mummy Conjurer)              Turns: 949, Time: 00:02:18

Health: 1/19       AC:  2    Str: 11    XL:     2   Next: 55%
Magic:  0/6        EV: 12    Int: 14    God:
Gold:   42         SH:  0    Dex: 12    Spells: 6/7 levels left

rFire    x . .     SeeInvis .   (no weapon)
rCold    + . .     Gourm    .   (no shield)
rNeg     + + +     Faith    .   a - +0 robe
rPois    ∞         Spirit   .   (no helmet)
rElec    .         Reflect  .   (no cloak)
rCorr    .         Harm     .   (no gloves)
MR       .....                  (no boots)
Stlth    ++........             (no amulet)
HPRegen  0.06/turn              (no ring)
MPRegen  0.10/turn              (no ring)

@: no status effects
A: no food or potions, fire vulnerability, cold resistance 1, negative energy
resistance 3, torment resistance, unbreathing
a: no special abilities


You were on level 1 of the Dungeon.
You were not hungry.

You visited 1 branch of the dungeon, and saw 1 of its levels.

You collected 42 gold pieces.

Inventory:

Armour
 a - a +0 robe (worn)
 b - a +0 buckler
Scrolls
 c - a scroll of immolation {unknown}
 d - a scroll of teleportation {unknown}


   Skills:
 - Level 1.5 Dodging
 - Level 1.5 Stealth
 + Level 3.2 Spellcasting
 * Level 3.7 Conjurations


You had 6 spell levels left.
You knew the following spells:

 Your Spells              Type           Power        Failure   Level  Hunger
a - Magic Dart            Conj           ##..         4%          1    N/A

Your spell library contained the following spells:

 Spells                   Type           Power        Failure   Level  Hunger
 Searing Ray              Conj           ##....       7%          2    N/A
 Dazzling Spray           Conj/Hex       #.....       28%         3    N/A
 Iskenderun's Mystic Bla  Conj           ##......     41%         4    N/A
 Force Lance              Conj/Tloc      #.......     67%         4    N/A
 Fulminant Prism          Conj/Hex       #.........   67%         4    N/A

Dungeon Overview and Level Annotations

Branches:
Dungeon (1/15)

Altars:


Innate Abilities, Weirdness & Mutations

You do not eat or drink.
Your flesh is vulnerable to fire.
You are immune to poison.
Your flesh is cold resistant. (rC+)
You are immune to negative energy. (rN+++)
You are immune to unholy pain and torment.
You can survive without breathing.


Message History

Wield which item (- for none, * to show all)? (? for menu, Esc to quit)
Okay, then.
Casting: Magic Dart (safe; 4% risk of failure)
Aiming: Magic Dart (safe; 4% risk of failure)
Aim: a jackal (moderately wounded)
The magic dart hits the jackal.
The jackal bites you.
* * * LOW HITPOINT WARNING * * *
The jackal misses you.
You hit the jackal but do no damage. The jackal bites you.
* * * LOW HITPOINT WARNING * * *
You hit the jackal.
The jackal bites you but does no damage.
You closely miss the jackal. The jackal barely misses you.
The jackal bites you.
* * * LOW HITPOINT WARNING * * *
You miss the jackal. The jackal barely misses you.
You barely miss the jackal. The jackal closely misses you.
The jackal bites you.
* * * LOW HITPOINT WARNING * * *
You hit the jackal but do no damage. The jackal closely misses you.

#.##.#.#....#
#.##.#.#....#
#.##.#.#....#
#.##...#....#
#.#.........# #. ########
#.#..###....#... ........
#.#.... %...... .#####
#.##.####...###. .....#
#.....@hl......> .###.#
####..##g...### ## .###†#
#..##..>..# . .+.#.#
...........# #.#
.#.#.#############h.......
#.# .#.#.....!..#
......... #..
.#.#.######.#
#######.######## .#.###
#.# ##### #.##...... .'.<#
#.# ....#####.##.#####


You could see a leopard gecko, a jackal and a hobgoblin.

Vanquished Creatures
  A dart slug (D:1)
  A leopard gecko (D:1)
  A giant cockroach (D:1)
  2 goblins (D:1)
  3 jackals (D:1)
  5 bats (D:1)
  A frilled lizard (D:1)
  A kobold (D:1)
  A rat (D:1)
16 creatures vanquished.

Notes
Turn   | Place    | Note
-------+----------+-------------------------------------------
     0 | D:1      | iamserjio the Mummy Conjurer began the quest for the Orb.
     0 | D:1      | Reached XP level 1. HP: 13/13 MP: 4/4
   551 | D:1      | Reached XP level 2. HP: 17/19 MP: 3/6
   949 | D:1      | Quit the game

Vault maps used:
D:1:      minmay_arrival_three_doors

Skill      XL: |  1 |
---------------+----+-----
Spellcasting   | 3 |  3.2
Dodging        | |  1.5
Stealth        | |  1.5
Conjurations   | |  3.7

Action                   || total
-------------------------++-------
Melee: Unarmed           ||    41
 Cast: Magic Dart        ||    38
Armor: Robe              ||    12
Dodge: Dodged            ||    45

Table legend:
 A = Non-vault XP
 B = Vault XP
 C = Vault XP percentage of total XP
 D = Non-vault monster count
 E = Vault monster count
 F = Vault count percentage of total count
                 A         B        C        D         E       F
            +---------+---------+-------+---------+---------+-------
      Total |      28 |       0 |   0.0 |      16 |       0 |   0.0
            +---------+---------+-------+---------+---------+-------
        D:1 |      28 |       0 |   0.0 |      16 |       0 |   0.0
            +---------+---------+-------+---------+---------+-------
